 Dungeon Crawl Stone Soup version 0.20.1-1-g8b1a95d (webtiles) character file.

130 JackS81 the Cudgeler (level 5, -2/32 HPs)
             Began as a Gargoyle Fighter on Aug 18, 2017.
             Slain by a hippogriff (5 damage)
             ... on level 3 of the Dungeon.
             The game lasted 00:08:05 (1838 turns).

JackS81 the Cudgeler (Gargoyle Fighter)             Turns: 1838, Time: 00:08:05

Health: -2/32      AC: 10    Str: 20    XL:     5   Next: 13%
Magic:  5/5        EV:  7    Int: 14    God:
Gold:   219        SH:  9    Dex:  9    Spells: 4/4 levels left

rFire    . . .     SeeInvis .   a - +0 flail
rCold    . . .     Gourm    .   c - +0 shield
rNeg     + . .     Faith    .   b - +0 scale mail
rPois    ∞         Spirit   .   (no helmet)
rElec    +         Reflect  .   (no cloak)
rCorr    .         Harm     .   (no gloves)
MR       .....                  (no boots)
Stlth    ..........             l - amulet of magic regeneration
Regen    0.1/turn               (no ring)
MPRegen  0.2/turn               (no ring)

@: brilliant, flying
A: negative energy resistance 1, electricity resistance, unbreathing,
petrification resistance, rot immunity, AC +4
a: no special abilities


You were on level 3 of the Dungeon.
You were not hungry.

You visited 1 branch of the dungeon, and saw 3 of its levels.

You collected 219 gold pieces.

Inventory:

Hand Weapons
 a - a +0 flail (weapon)
 h - a +0 dagger of draining
 m - a +0 hunting sling
 z - a +0 blowgun
Missiles
 e - 90 stones
 o - 34 arrows
 p - 14 sling bullets
 A - 9 poisoned needles (quivered)
Armour
 b - a +0 scale mail (worn)
 c - a +0 shield (worn)
Jewellery
 l - an amulet of magic regeneration (around neck)
Scrolls
 g - a scroll of enchant armour {unknown}
 k - 2 scrolls of immolation
 n - 2 scrolls of identify {unknown}
 s - 2 scrolls of fear {unknown}
 t - a scroll of fog {unknown}
 u - a scroll of remove curse
 w - 2 scrolls of teleportation {unknown}
 y - a scroll of magic mapping {unknown}
Potions
 d - 2 potions of might
 q - a potion of brilliance
 r - a potion of invisibility {unknown}
 v - a potion of flight
Comestibles
 f - 4 bread rations
 i - 6 chunks of flesh
 j - 2 royal jellies
 x - a meat ration


   Skills:
 - Level 3.2 Fighting
 * Level 5.1 Maces & Flails
 - Level 3.2 Armour
 - Level 3.2 Shields


You had 4 spell levels left.
You didn't know any spells.

Dungeon Overview and Level Annotations

Branches:
Dungeon (3/15)

Altars:
Fedhas


Innate Abilities, Weirdness & Mutations

You are resistant to torment.
Your stone body is resilient. (AC +4)
You are immune to poison.
You resist negative energy. (rN+)
You are resistant to electric shocks. (rElec)
You can survive without breathing.
You are immune to petrification.
You are immune to rotting.


Message History

It was a potion of flight.
You feel very buoyant.
You fly up into the air.
You block the hippogriff's attack.
The hippogriff pecks you but does no damage.
You block the hippogriff's attack.
You barely miss the hippogriff.
The hippogriff is almost dead.
The hippogriff bites you.
* * * LOW HITPOINT WARNING * * *
The hippogriff pecks you but does no damage.
You block the hippogriff's attack.
You hit the hippogriff.
The hippogriff is almost dead.
You block the hippogriff's attack. The hippogriff pecks you.
* * * LOW HITPOINT WARNING * * *
The hippogriff claws you but does no damage.
You hit the hippogriff.
The hippogriff is almost dead.
You block the hippogriff's attack. x3; The hippogriff bites you.
You die...

### #####.## #......#
#)###.## #.# #.# #.#
#.# #@# #.# #H# #.#
##############.###.#
#(.(..o.w.......##.#
....################.#
P... #.# .... #.# ....
#.# .... #.#


You could see a hippogriff.

Vanquished Creatures
  4 adders
  3 gnolls (D:2)
  2 worms
  2 dart slugs
  2 leopard geckos
  An orc (D:3)
  9 bats
  2 giant cockroaches
  3 goblins (D:1)
  3 hobgoblins (D:1)
  3 jackals (D:1)
  9 kobolds
  3 quokkas (D:2)
  2 ball pythons
  2 frilled lizards
  5 rats
55 creatures vanquished.

Notes
Turn   | Place    | Note
-------+----------+-------------------------------------------
     0 | D:1      | JackS81 the Gargoyle Fighter began the quest for the Orb.
     0 | D:1      | Reached XP level 1. HP: 14/14 MP: 1/1
   130 | D:1      | Reached XP level 2. HP: 17/19 MP: 2/2
   170 | D:1      | Reached skill level 3 in Maces & Flails
   442 | D:1      | Reached XP level 3. HP: 23/23 MP: 3/3
  1021 | D:2      | Reached skill level 4 in Maces & Flails
  1145 | D:2      | Reached XP level 4. HP: 28/28 MP: 4/4
  1642 | D:3      | Reached skill level 5 in Maces & Flails
  1681 | D:3      | Reached XP level 5. HP: 22/32 MP: 5/5
  1802 | D:3      | Found a blossoming altar of Fedhas.
  1803 | D:3      | Noticed a hippogriff
  1838 | D:3      | Slain by a hippogriff

Skill      XL: |  1  2  3  4 |
---------------+-------------+-----
Maces & Flails | 3 4 5 |  5.1
Fighting       | |  3.2
Armour         | |  3.2
Shields        | |  3.2

Action                   |  1- 3 |  4- 6 || total
-------------------------+-------+-------++-------
Melee: Flail             |   139 |    70 ||   209
 Fire: Blowgun           |       |     4 ||     4
  Use: Scroll            |     3 |       ||     3
       Potion            |       |     2 ||     2
  Eat: Chunk             |     1 |     2 ||     3
Armor: Scale mail        |    96 |    51 ||   147
Dodge: Dodged            |    54 |    29 ||    83
Block: Shield            |    88 |    57 ||   145
